 Dungeon Crawl Stone Soup version 0.29-a0-422-gafbd6decc1 (webtiles) character file.

Game seed: 5500050012936727160

1262 ptdevnull the Chopper (level 8, -2/87 HPs)
             Began as an Ogre Transmuter on May 19, 2022.
             Was a Believer of Ru.
             Slain by a gnoll
             ... wielding a +0 flail
             ... led by a gnoll sergeant
              (6 damage)
             ... on level 6 of the Dungeon.
             The game lasted 00:15:22 (6363 turns).

ptdevnull the Chopper (Ogre Transmuter)             Turns: 6363, Time: 00:15:23

Health: -2/87      AC:  3    Str: 17    XL:     8   Next: 52%
Magic:  10/12      EV:  9    Int: 20    God:    Ru [**....]
Gold:   208        SH:  5    Dex:  9    Spells: 9/12 levels left

rFire   + . .      SeeInvis .   a - +6 war axe of the Middle {holy, rF+ rN+}
rCold   . . .      Faith    .   (no shield)
rNeg    + . .      Spirit   .   f - +0 robe
rPois   .          Reflect  +   (helmet currently unavailable)
rElec   .          Harm     .   (no cloak)
rCorr   .          Rampage  .   (gloves unavailable)
Will    .....                   (boots unavailable)
Stlth   +.........              v - amulet of reflection
HPRegen 0.24/turn               m - +6 ring of intelligence
MPRegen 0.13/turn               (no ring)

@: mighty, appendages (expiring), wereblooded
A: horns 2, talons 2, large, unfitting armour, tough skin 1, hated by all,
missing an eye
a: End Transformation, Renounce Religion


You were on level 6 of the Dungeon.
You worshipped Ru.
Ru was pleased with you.
You had temporarily grown beastly horns and talons.
You visited 1 branch of the dungeon, and saw 6 of its levels.

You collected 208 gold pieces.

Inventory:

Hand Weapons
 a - the +6 war axe of the Middle (weapon) {holy, rF+ rN+}
   (You found it on level 1 of the Dungeon)

   It has been blessed by the Shining One to cause great damage to the undead
   and demons.
   rF:        It protects you from fire.
   rN:        It protects you from negative energy.
 b - a +0 giant spiked club
 u - a +2 dagger of venom
Missiles
 k - 4 large rocks
Armour
 f - a +0 robe (worn)
Jewellery
 e - a ring of ice
 m - a +6 ring of intelligence (left hand)
 o - a ring of ice
 v - an amulet of reflection (around neck)
Wands
 p - a wand of polymorph (3)
 z - a wand of acid (9)
Scrolls
 d - 2 scrolls of identify
 i - a scroll of blinking
 n - a scroll of enchant weapon {unknown}
 s - a scroll of vulnerability {unknown}
 t - 2 scrolls of noise {unknown}
 w - 3 scrolls of fog {unknown}
Potions
 c - a potion of degeneration {unknown}
 g - 2 potions of curing
 h - a potion of berserk rage {unknown}
 j - a potion of mutation {unknown}
 q - a potion of resistance {unknown}
 r - a potion of heal wounds {unknown}
 x - a potion of ambrosia {unknown}
 y - 3 potions of brilliance {unknown}


   Skills:
 + Level 7.2 Fighting
 * Level 7.8 Axes
 - Level 1.7 Dodging
 - Level 3.0 Unarmed Combat
 - Level 2.9 Spellcasting
 - Level 2.2 Transmutations


You had 9 spell levels left.
You knew the following spells:

 Your Spells              Type           Power      Damage    Failure   Level
a - Beastly Appendage     Tmut           22%        N/A       6%          1
b - Wereblood             Tmut           11%        N/A       9%          2

Your spell library contained the following spells:

 Spells                   Type           Power      Damage    Failure   Level
 Spider Form              Tmut/Pois      7%         N/A       28%         3
 Gell's Gravitas          Tloc           2%         N/A       41%         3
 Lesser Beckoning         Tloc           2%         N/A       41%         3
 Portal Projectile        Hex/Tloc       4%         N/A       41%         3
 Teleport Other           Tloc           2%         N/A       41%         3
 Ice Form                 Ice/Tmut       7%         N/A       67%         4
 Blade Hands              Tmut           5%         N/A       85%         5
 Excruciating Wounds      Necr           1%         N/A       99%         5


Dungeon Overview and Level Annotations

Branches:
Dungeon (6/15)
 Temple: D:4-7

Altars:
Ru
Trog


Innate Abilities, Weirdness & Mutations

You have temporarily grown beastly horns and talons.
You are too large for most types of armour.
You have tough skin. (AC +1)
You are hated by all.
You are missing an eye, making it more difficult to aim.


Message History

You strike the helpless gnoll from behind!
You slash the gnoll!
The gnoll is heavily wounded.
The phantom hits you. The gnoll hits you with a +0 spear!
You completely miss the phantom. Your kick misses the phantom.
You hit the gnoll but do no damage. The phantom hits you.
The gnoll barely misses you. The gnoll misses you.
You hit the gnoll.
You feel a bit better.
You kill the gnoll!
You miss the phantom. The phantom hits you.
The phantom blinks!
You blink.
The gnoll sergeant hits you from afar with a +2 spear of flaming.
The gnoll sergeant burns you.
You focus your inner power and blind the gnoll sergeant in retribution!
The gnoll hits you with a +0 halberd!
* * * LOW HITPOINT WARNING * * *
You focus your inner power and blind the gnoll in retribution!
The gnoll hits you with a +0 flail!
* * * LOW HITPOINT WARNING * * *
You closely miss the gnoll. You headbutt the gnoll.
The gnoll is lightly wounded.
You hit the gnoll. You closely miss the gnoll. You miss the phantom.
Your transformation is almost over.
The phantom hits you.
* * * LOW HITPOINT WARNING * * *
The gnoll sergeant barely misses you. The gnoll barely misses you.
You block the gnoll's attack. The gnoll hits you with a +0 flail.
* * * LOW HITPOINT WARNING * * *
The gnoll is stunned by your conviction and fails to attack.
You block the gnoll's attack. The gnoll closely misses you.
The phantom is stunned by your conviction and fails to attack.
You block the gnoll sergeant's attack.
It was a potion of might.
You feel very mighty all of a sudden. The phantom barely misses you.
The gnoll barely misses you. The gnoll hits you with a +0 rapier.
* * * LOW HITPOINT WARNING * * *
You focus your inner power and blind the gnoll in retribution!
The gnoll sergeant hits you but does no damage.
The gnoll hits you with a +0 flail.
You die...

..................
..........###..# ..
#.........'....# ..
#.........###..# ..
######'#######.##.#
#...........##..#.#
#...........###.#.#
'...........# #.#g#
#...........# #W@g#
#...........# ##.g#
#...........# #g.#
############# ##.#
.# .. ... ...


You could see a phantom, a gnoll sergeant (blind) and 3 gnolls.

Vanquished Creatures
  A troll (D:5)
  2 ogres
  A phantom (D:4)
  A kobold brigand (D:4)
  A bullfrog (D:6)
  A necrophage (D:6)
  3 scorpions
  A howler monkey (D:6)
  4 orc priests
  2 iguanas (D:5)
  3 orc wizards
  Robin (D:2)
  A gnoll (D:6)
  4 adders
  An ufetubus (D:5)
  5 worms
  18 orcs
  7 ball pythons
  9 endoplasms
  3 giant cockroaches
  18 goblins
  10 hobgoblins
  10 kobolds
  3 quokkas
  4 bats
  4 frilled lizards
  7 rats
125 creatures vanquished.

Vanquished Creatures (others)
  A hound (D:5)
  9 fungi (D:3)
10 creatures vanquished.

Grand Total: 135 creatures vanquished

Notes
Turn   | Place    | Note
-------+----------+-------------------------------------------
     0 | D:1      | ptdevnull the Ogre Transmuter began the quest for the Orb.
     0 | D:1      | Reached XP level 1. HP: 19/19 MP: 3/3
   229 | D:1      | Reached XP level 2. HP: 26/27 MP: 3/5
   642 | D:1      | Found a faded altar of an unknown god.
   666 | D:1      | Identified the +6 war axe of the Middle {holy, rF+ rN+}
  1016 | D:1      | Reached XP level 3. HP: 33/33 MP: 7/7
  1357 | D:1      | Prayed at the altar of an unknown god.
  1357 | D:1      | Became a worshipper of Ru the Awakened
  1363 | D:1      | Gained mutation: You are hated by all. [Ru sacrifice]
  1363 | D:1      | Reached * piety under Ru
  1454 | D:2      | Reached skill level 1 in Axes
  1779 | D:2      | Learned a level 2 spell: Wereblood
  1848 | D:2      | Noticed Robin
  1872 | D:2      | Reached XP level 4. HP: 42/42 MP: 8/8
  1883 | D:2      | Killed Robin
  2453 | D:3      | Reached XP level 5. HP: 52/53 MP: 9/9
  3057 | D:4      | Reached XP level 6. HP: 61/62 MP: 10/10
  3762 | D:4      | Reached skill level 5 in Axes
  3762 | D:4      | Reached XP level 7. HP: 14/71 MP: 11/11
  4273 | D:5      | Entered Level 5 of the Dungeon
  4277 | D:5      | Reached skill level 5 in Fighting
  4787 | D:5      | Noticed a troll
  4792 | D:5      | Killed a troll
  4949 | D:5      | Reached XP level 8. HP: 74/83 MP: 12/12
  4949 | D:5      | Gained mutation: You are missing an eye, making it more
                  | difficult to aim. [Ru sacrifice]
  4949 | D:5      | Reached ** piety under Ru
  5012 | D:5      | Found a bloodstained altar of Trog.
  6363 | D:6      | HP: 4/87 [gnoll/+0 rapier[a gnoll sergeant] (4)]
  6363 | D:6      | Slain by a gnoll

Illustrated notes

Levels and vault maps discovered:
D:1:      minmay_arrival_jagged, layout_basic,
          hellmonk_ecumenical_altar_lost_god
D:2:      layout_basic, nicolae_concentric_dashed_squares_wild,
          minmay_octomino_e4, uniq_robin
D:3:      layout_basic, ebering_dispersal_statue_hall,
          dreamdust_mushroom_princess
D:4:      kennysheep_big_flooded_room, layout_basic
D:5:      layout_loops_ring, bloody_trog, kennysheep_generic_room_3
D:6:      layout_basic, minmay_temple_entry_glassed_door

Skill      XL: |  1  2  3  4  5  6  7  8 |
---------------+-------------------------+-----
Transmutations | 2 |  2.2
Unarmed Combat | 3 |  3.0
Axes           | 1 3 4 5 6 7 |  7.8
Fighting       | 2 3 4 6 7 |  7.2
Dodging        | |  1.7
Spellcasting   | |  2.9

Action                   |  1- 3 |  4- 6 |  7- 9 || total
-------------------------+-------+-------+-------++-------
Melee: Unarmed           |    41 |       |       ||    41
       Kick              |    10 |       |     1 ||    11
       Headbutt          |     2 |       |     2 ||     4
       War axe           |    69 |   107 |   123 ||   299
       Punch             |     2 |     1 |     5 ||     8
 Cast: Beastly Appendage |    10 |       |     2 ||    12
       Wereblood         |     1 |       |     2 ||     3
Invok: Sacrifice Love    |     1 |       |       ||     1
       Sacrifice an Eye  |       |       |     1 ||     1
  Use: Potion            |     1 |       |     2 ||     3
       Scroll            |       |     6 |       ||     6
 Stab: Sleeping          |       |     1 |       ||     1
       Distracted        |       |       |     1 ||     1
       Invisible         |       |       |     1 ||     1
Armor: Robe              |    29 |    24 |    19 ||    72
       Skin              |    22 |       |       ||    22
Dodge: Dodged            |    40 |    36 |    44 ||   120
Block: Other             |       |       |    31 ||    31

Table legend: (Time is in decaauts)
 A = Elapsed time spent in this place.
 B = Non-inter-level travel time spent in this place.
 C = Inter-level travel time spent in this place.
 D = Time resting spent in this place.
 E = Time spent auto-exploring this place.
 F = Levels seen in this place.
 G = Mean time per level.
                   A        B        C        D        E       F      G
               +--------+--------+--------+--------+--------+-----+--------+
         Total |   6446 |   6287 |    159 |   2157 |   3206 |   6 | 1074.3 |
       Dungeon |   6446 |   6287 |    159 |   2157 |   3206 |   6 | 1074.3 |
               +--------+--------+--------+--------+--------+-----+--------+

Top non-repeatable levels by time:
     D:5: 1365 daAuts
     D:1: 1316 daAuts
     D:2: 1147 daAuts
     D:4: 1002 daAuts
     D:3: 873 daAuts
     D:6: 742 daAuts
